 Dungeon Crawl Stone Soup version 0.29.1-1-gd02db6906a (webtiles) character file.

Game seed: 9271516206464319245

156 Earthwalker the Trooper (level 5, -7/47 HPs)
             Began as a Minotaur Fighter on Oct 14, 2022.
             Mangled by Duvessa
             ... wielding a +2 short sword of venom
              (14 damage)
             ... on level 4 of the Dungeon.
             The game lasted 00:04:11 (2691 turns).

Earthwalker the Trooper (Minotaur Fighter)          Turns: 2691, Time: 00:04:11

Health: -7/47      AC: 10    Str: 23    XL:     5   Next: 15%
Magic:  4/4        EV:  8    Int:  5    God:
Gold:   140        SH:  4    Dex:  9    Spells: 4/4 levels left

rFire   + . .      SeeInvis .   a - +0 trident
rCold   . . .      Faith    .   c - +0 buckler
rNeg    . . .      Spirit   .   s - +1 chain mail {rF+}
rPois   .          Reflect  .   (helmet restricted)
rElec   .          Harm     .   (no cloak)
rCorr   .          Rampage  .   (no gloves)
Will    .....                   (no boots)
Stlth   ..........              q - amulet of regeneration
HPRegen 0.95/turn               (no ring)
MPRegen 0.09/turn               (no ring)

@: lethally poisoned (-7 -> -21)
A: horns 2, retaliatory headbutt
a: no special abilities


You were on level 4 of the Dungeon.
You visited 1 branch of the dungeon, and saw 4 of its levels.

You collected 140 gold pieces.

Inventory:

Hand Weapons
 a - a +0 trident (weapon)
 l - the +0 staff of Battle
   (You found it on level 2 of the Dungeon)

   It enhances your conjuration magic.
   It summons a battlesphere in combat, with strength depending on Conjurations
   skill.
   Its strikes trigger the battlesphere's blasts.
Missiles
 e - 2 boomerangs (quivered)
 n - 6 poisoned darts
Armour
 b - a +0 scale mail
 c - a +0 buckler (worn)
 s - a +1 chain mail of fire resistance (worn)
Jewellery
 q - an amulet of regeneration (around neck)
Wands
 p - a wand of mindburst (13)
 r - a wand of roots (7)
Scrolls
 f - a scroll of poison {unknown}
 g - 4 scrolls of identify {unknown}
 h - 2 scrolls of teleportation {unknown}
 j - a scroll of immolation {unknown}
 m - a scroll of summoning {unknown}
 o - 2 scrolls of silence {unknown}
Potions
 d - a potion of might
 i - a potion of attraction {unknown}
 k - 2 potions of curing {unknown}


   Skills:
 * Level 4.6 Fighting
 * Level 3.6 Polearms
 * Level 4.5 Armour
 * Level 1.7 Dodging
 * Level 4.5 Shields


You had 4 spell levels left.
You didn't know any spells.
Your spell library was empty.

Dungeon Overview and Level Annotations

Branches:
Dungeon (4/15)
 Temple: D:4-7

Altars:
Wu Jian

Annotations:
D:4 Dowan, Duvessa


Innate Abilities, Weirdness & Mutations

You have a pair of horns on your head.
You reflexively headbutt those who attack you in melee.


Message History

Done exploring.
There is a stone staircase leading down here.
You climb downwards.
Found 7 stones, 2 white potions and a robe.
Found a stone staircase leading down.
There is a stone staircase leading up here.
k - 2 white potions You see here a +0 robe.
Duvessa and Dowan come into view.
Duvessa is wielding a +2 short sword of venom.
Dowan is wielding a +2 vampiric dagger and carrying a wand of roots (6).
Found 3 stones.
Dowan shouts!
You puncture Duvessa! Your headbutt misses Duvessa.
Duvessa is moderately wounded.
Duvessa drinks a potion.
Duvessa goes berserk!
You hit Duvessa. Your headbutt misses Duvessa.
Duvessa is moderately wounded.
Duvessa hits you with a +2 short sword of venom!
Duvessa hits you with a +2 short sword of venom.
You are poisoned.
You closely miss Duvessa.
Duvessa is moderately wounded.
You feel very sick.
Duvessa hits you with a +2 short sword of venom.
You puncture Duvessa! Your headbutt misses Duvessa.
Duvessa is heavily wounded.
You feel very sick.
Duvessa hits you with a +2 short sword of venom!
You are more poisoned.
Dowan gestures wildly while chanting.
Dowan blinks!
Duvessa hits you with a +2 short sword of venom.
* * * LOW HITPOINT WARNING * * *
You are lethally poisoned!
You hit Duvessa but do no damage. Your headbutt misses Duvessa.
Duvessa is heavily wounded.
* * * LOW HITPOINT WARNING * * *
You feel extremely sick.
Duvessa hits you with a +2 short sword of venom!
You die...

........####.....####
.................#
.............#####
........#..#.#
#..#......#.#
#..........#
###..#.[#..###
........######.#
.........@.....#
.........#e§...#
.........#.....#
.........#e....#
.........#.....#
.......###.....#
##..### (....# ##.
######


You could see Duvessa (berserk) and Dowan.

Vanquished Creatures
  Terence (D:3)
  3 gnolls (D:2)
  4 adders
  A dart slug (D:1)
  6 orcs (D:3)
  9 endoplasms
  A giant cockroach (D:1)
  5 goblins
  7 hobgoblins
  2 jackals (D:1)
  5 kobolds
  4 quokkas
  7 ball pythons
  A bat (D:3)
  2 frilled lizards (D:3)
  4 rats
62 creatures vanquished.

Notes
Turn   | Place    | Note
-------+----------+-------------------------------------------
     0 | D:1      | Earthwalker the Minotaur Fighter began the quest for the
                  | Orb.
     0 | D:1      | Reached XP level 1. HP: 19/19 MP: 0/0
   164 | D:1      | Reached XP level 2. HP: 27/27 MP: 1/1
   949 | D:1      | Found a faded altar of an unknown god.
   949 | D:1      | Noticed a ynoxinul
  1145 | D:2      | Reached XP level 3. HP: 33/33 MP: 2/2
  1391 | D:2      | Reached skill level 1 in Dodging
  1398 | D:2      | Reached XP level 4. HP: 26/40 MP: 3/3
  1509 | D:2      | Found the +0 staff of Battle
  1512 | D:2      | Identified the +0 leather armour of the Alphagorgon {rPois}
  2170 | D:3      | Noticed Terence
  2174 | D:3      | Killed Terence
  2175 | D:3      | Reached XP level 5. HP: 38/47 MP: 4/4
  2226 | D:3      | Found an ornate altar of the Wu Jian Council.
  2686 | D:4      | Noticed Duvessa
  2686 | D:4      | Noticed Dowan
  2691 | D:4      | Mangled by Duvessa

Illustrated notes

Levels and vault maps discovered:
D:1:      dpeg_arrival_pond, layout_basic,
          dreamdust_ecumenical_altar_sealed_demon
D:2:      layout_loops_ring, grunt_ministairs_11
D:3:      layout_loops_cross, lemuel_coloured_pillars_altar, minivault_4,
          uniq_terence
D:4:      layout_rooms, minmay_crystal_room, uniq_duvessa, uniq_robin

Skill      XL: |  1  2  3 |
---------------+----------+-----
Fighting       | 4 |  4.6
Armour         | 4 |  4.5
Shields        | 4 |  4.5
Polearms       | 3 |  3.6
Dodging        | 1 |  1.7

Action                   |  1- 3 |  4- 6 || total
-------------------------+-------+-------++-------
Melee: Trident           |    71 |    81 ||   152
       Headbutt          |     5 |     7 ||    12
Armor: Scale mail        |    19 |    23 ||    42
       Chain mail        |       |     3 ||     3
Dodge: Dodged            |    14 |    27 ||    41
Block: Buckler           |    15 |    14 ||    29
